 Dungeon Crawl Stone Soup version 0.29-a0-91-gdebf4667c2 (webtiles) character file.

Game seed: 10018870472966660635

22509 enile the Fighter (level 12, -6/105 HPs)
             Began as a Demonspawn Wanderer on Feb 7, 2022.
             Was the Champion of Jiyva.
             Shot with an arrow by Nessos (24 damage)
             ... on level 12 of the Dungeon.
             The game lasted 00:38:08 (8839 turns).

enile the Fighter (Demonspawn Wanderer)             Turns: 8839, Time: 00:38:08

Health: -6/105     AC: 19    Str: 15    XL:     12   Next: 63%
Magic:  26/27      EV: 16    Int: 24    God:    Jiyva [******]
Gold:   72         SH:  5    Dex: 11    Spells: 13/19 levels left

rFire   . . .      SeeInvis +   e - +6 dagger of the Sneaky Bounties {flame, rCorr Int+5 Stlth-}
rCold   + . .      Faith    .   D - +0 buckler {AC+3}
rNeg    + . .      Spirit   .   I - +7 swamp dragon scales of Daykkyoh {rPois rC+ Int+2 SInv}
rPois   +          Reflect  .   (helmet restricted)
rElec   .          Harm     .   o - +2 ratskin cloak {*Rats rPois rN+ Str-1 Int-1 Dex+1}
rCorr   +          Rampage  .   (no gloves)
Will    .....      Clarity  +   (boots unavailable)
Stlth   ..........              (no amulet)
HPRegen 1.87/turn               f - +4 ring of evasion
MPRegen 0.70/turn               y - ring of magical power

@: swift, studying Slings, very quick
A: hooves 3, rugged brown scales 1, condensation shield, demonic magic 2, horns
2, clarity, eyeballs 3, pseudopods 2
a: Renounce Religion, Oozemancy, Slimify


You were on level 12 of the Dungeon.
You worshipped Jiyva.
Jiyva was exalted by your worship.
You visited 1 branch of the dungeon, and saw 14 of its levels.
You visited the Abyss 1 time.

You collected 376 gold pieces.
You spent 304 gold pieces at shops.

Inventory:

Hand Weapons
 a - a +2 shortbow
 d - a +3 scimitar
 e - the +6 dagger of the Sneaky Bounties (weapon) {flame, rCorr Int+5 Stlth-}
   (You found it on level 3 of the Dungeon)

   It burns those it strikes, dealing additional fire damage.
   Int:       It affects your intelligence (+5).
   rCorr:     It protects you from acid and corrosion.
   Stlth:     It makes you less stealthy.
 i - a +0 scythe
 k - a +2 dagger of venom
 s - a +5 flail of protection
 u - a +4 great sword of freezing
 G - a +4 vorpal great mace
 H - the +5 short sword of Foul Odours {drain, Contam rPois Str+3}
   (You found it on level 9 of the Dungeon)

   A truly terrible weapon, it drains the life of any living foe it strikes.
   Str:       It affects your strength (+3).
   rPois:     It protects you from poison.
   Contam:    It causes magical contamination when unequipped.
Missiles
 b - 214 arrows
 j - 2 javelins
 n - 17 poisoned darts (quivered)
Armour
 c - a +0 scale mail
 o - the +2 ratskin cloak (worn) {*Rats rPois rN+ Str-1 Int-1 Dex+1}
   (You found it on level 5 of the Dungeon)

   When the wearer is hurt, rats may emerge from it to assist them.
   Str:       It affects your strength (-1).
   Int:       It affects your intelligence (-1).
   Dex:       It affects your dexterity (+1).
   rPois:     It protects you from poison.
   rN:        It protects you from negative energy.
 z - a +0 troll leather armour
 D - a +0 buckler of protection (worn)
 I - the +7 swamp dragon scales of Daykkyoh (worn) {rPois rC+ Int+2 SInv}
   (You found it on level 9 of the Dungeon)

   Int:       It affects your intelligence (+2).
   rC:        It protects you from cold.
   rPois:     It protects you from poison.
   SInv:      It lets you see invisible.
 L - a +0 plate armour
Magical Staves
 J - a staff of air
Jewellery
 f - a +4 ring of evasion (left hand)
 r - a +6 ring of strength
 y - a ring of magical power (right hand)
 A - a ring of protection from cold
 E - a ring of see invisible
 F - a +6 ring of strength
 N - a +4 ring of protection
Wands
 p - a wand of iceblast (17)
 w - a wand of flame (26)
 B - a wand of paralysis (5)
Scrolls
 l - a scroll of noise
 x - 4 scrolls of identify {unknown}
 K - a scroll of brand weapon {unknown}
Potions
 g - 5 potions of curing
 h - 3 potions of might
 m - a potion of cancellation {unknown}
 q - a potion of heal wounds {unknown}
 t - a potion of berserk rage {unknown}
 v - 2 potions of flight {unknown}
 C - a potion of lignification {unknown}
 M - a potion of mutation


   Skills:
 - Level 12.0 Fighting
 - Level 7.0 Short Blades
 - Level 4.5 Bows
 + Level 6.2 Armour
 - Level 6.0 Dodging
 - Level 3.0 Stealth
 - Level 5.0 Shields
 - Level 0.9 Unarmed Combat
 - Level 4.0 Spellcasting
 - Level 4.0 Conjurations
 - Level 7.0 Air Magic
 - Level 3.0 Poison Magic
 - Level 5.0 Evocations


You had 13 spell levels left.
You knew the following spells:

 Your Spells              Type           Power      Damage    Failure   Level
a - Shock                 Conj/Air       100%       1d9       2%          1
b - Swiftness             Air            38%        N/A       3%          3
c - Poisonous Vapours     Pois/Air       56%        N/A       4%          2

Your spell library contained the following spells:

 Spells                   Type           Power      Damage    Failure   Level
 Corpse Rot               Necr/Air       42%        N/A       9%          2
 Gell's Gravitas          Tloc           4%         N/A       56%         3
 Lesser Beckoning         Tloc           4%         N/A       56%         3
 Teleport Other           Tloc           4%         N/A       56%         3
 Silence                  Hex/Air        10%        N/A       83%         5
 Passage of Golubria      Tloc           4%         N/A       92%         4
 Alistair's Intoxication  Tmut/Pois      8%         N/A       98%         5
 Borgnjor's Vile Clutch   Necr/Erth      2%         N/A       99%         5
 Eringya's Noxious Bog    Tmut/Pois      6%         N/A       100%        6
 Lehudib's Crystal Spear  Conj/Erth      7%         10d3      100%        8


Dungeon Overview and Level Annotations

Branches:
Dungeon (14/15)            Temple (0/1) D:5            Lair (0/6) D:10
    Orc (0/2) D:10
 Vaults: D:13-14

Altars:
Dithmenos
Xom
Jiyva

Shops:
D:1 *   D:9 *([!*

Annotations:
D:9 exclusion: obsidian statue
D:10 3 runed translucent doors
D:12 Nessos
D:13 Urug


Innate Abilities, Weirdness & Mutations

You have hooves in place of feet.
You are partially covered in rugged brown scales. (AC +1, +3% HP)
A meltable shield of frost defends you. (SH +0)
Spells you cast may paralyse nearby enemies.
You have a pair of horns on your head.
You possess an exceptional clarity of mind.
Your body is covered in eyes which may confuse attackers. (Acc +7, SInv)
Armour fits poorly on your large pseudopods.


Message History

Aim: Nessos, wielding a +3 longbow of flaming, wearing a +0 barding and quivering arrows (lightly wounded, fast) Poisonous vapours surround Nessos!
Nessos is poisoned.
Malevolent energies surge around you.
Nessos shoots an arrow.
The arrow barely misses you.
Nessos gestures wildly while chanting.
Nessos blinks!
Casting: Poisonous Vapours (safe; 4% risk of failure)
Confirm with . or Enter, or press ? or * to list all spells.
Aiming: Poisonous Vapours (safe; 4% risk of failure)
Press: ? - help, Dir - move target, f/p - Nessos
Aim: Nessos, wielding a +3 longbow of flaming, wearing a +0 barding and quivering arrows (lightly wounded, fast, very poisoned) Poisonous vapours surround Nessos!
Nessos looks as sick as possible!
Malevolent energies surge around you.
Nessos shoots an arrow.
The arrow closely misses you.
Nessos stands on their hind legs for a moment.
Nessos shoots an arrow.
The arrow hits you! The arrow burns you.
Casting: Poisonous Vapours (safe; 4% risk of failure)
Confirm with . or Enter, or press ? or * to list all spells.
Aiming: Poisonous Vapours (safe; 4% risk of failure)
Press: ? - help, Dir - move target, f/p - Nessos
Aim: Nessos, wielding a +3 longbow of flaming, wearing a +0 barding and quivering arrows (lightly wounded, fast, extremely poisoned) Poisonous vapours surround Nessos!
Nessos looks as sick as possible!
Malevolent energies surge around you.
Nessos gestures wildly while chanting.
Nessos blinks!
Nessos shoots an arrow.
The arrow hits you!
A hell rat scurries out from under your cloak.
The arrow burns you.
Nessos mumbles some strange words.
Nessos blinks!
You close the door.
You hear a distant slurping noise.
Something unseen breaks down the door.
Nessos shoots an arrow.
The arrow hits you. The arrow burns you.
Nessos shoots an arrow.
The arrow hits you!
* * * LOW HITPOINT WARNING * * *
The arrow burns you!
* * * LOW HITPOINT WARNING * * *
A hell rat scurries out from under your cloak.
Nessos shoots an arrow.
The arrow hits you!!
You die...

..........#..#....#
..........#..#....#
>.........#..#....#
..........####....#
......####........#
......# #........#
......# #....#.###
......# #....#..r#
......# #....#.@.#
.... ......#
######...# ...
.J....# #....# ...
......# ##..## ..#
. ......#
#...###..##..
......#
#....#.......
......#
#...c#.!.....
......#
#....'..(....
..#####
####.##r.##..


You could see Nessos (fast, very poisoned, ally target) and a friendly hell rat.

Vanquished Creatures
  A tentacled starspawn (Abyss:1)
  Josephine (D:11)
  Erolcha (D:9)
  2 boulder beetles
  2 centaur warriors (D:9)
  6 two-headed ogres
  3 thrashing horrors (Abyss:1)
  A sixfirhy (Abyss:1)
  Pikel (D:9)
  2 deep elf pyromancers
  3 ugly things (D:14)
  Maurice (D:10)
  A kobold demonologist (D:9)
  2 unseen horrors
  A komodo dragon (D:12)
  3 trolls
  3 meliai (D:14)
  A harpy skeleton (Abyss:1)
  Prince Ribbit (D:6)
  A raiju (Abyss:1)
  Sigmund (D:2)
  9 wraiths
  A wyvern (D:8)
  2 steam dragons
  12 yaks (D:9)
  Menkaure (D:4)
  4 vampire mosquitoes (D:11)
  A warg (D:10)
  Edmund (D:6)
  2 water moccasins
  9 orc warriors
  A sky beast (D:7)
  3 necrophages
  5 centaurs
  2 small abominations (Abyss:1)
  A kobold brigand (D:9)
  4 bullfrogs
  A scorpion (D:6)
  A water moccasin skeleton (D:4)
  7 killer bees
  17 wights
  An electric eel (D:9)
  3 howler monkeys (D:10)
  4 centaur zombies
  6 orc priests
  A hound (D:6)
  An iguana (D:6)
  9 orc wizards
  8 hell rats (D:5)
  2 killer bee zombies (D:7)
  11 adders
  16 river rats (D:5)
  A shadow imp (D:6)
  An adder skeleton (D:4)
  3 dart slugs
  28 orcs
  3 ball pythons
  An endoplasm (D:1)
  4 giant cockroaches
  A goblin (D:1)
  10 hobgoblins
  6 jackals
  7 kobolds
  A quokka (D:3)
  5 bats
  4 frilled lizards
  6 rats
265 creatures vanquished.

Vanquished Creatures (collateral kills)
  An ugly thing (D:8)
  A cyclops (D:9)
  2 yaks (D:9)
  A warg (D:10)
  A lemure (D:9)
  2 wights
  A howler monkey zombie (D:9)
9 creatures vanquished.

Vanquished Creatures (others)
  A slime creature (D:9)
  A fire elemental (D:13)
  A water moccasin (D:9)
  An ice beast (D:5)
  A small abomination (Abyss:1)
  A bullfrog (D:9)
  3 centaur zombies
  27 jellies
  5 orc priests
  An iguana (D:5)
  2 orc wizards
  2 adders
  A worm (D:2)
  8 orcs
  2 endoplasms
  A giant cockroach (D:2)
  2 goblins
  3 jackals
  A kobold (D:4)
  A bat (D:1)
  A rat (D:3)
  2 plants (D:10)
  2 starspawn tentacles (Abyss:1)
70 creatures vanquished.

Grand Total: 344 creatures vanquished

Notes
Turn   | Place    | Note
-------+----------+-------------------------------------------
     0 | D:1      | enile the Demonspawn Wanderer began the quest for the Orb.
     0 | D:1      | enile set off with the following items: a +2 shortbow, 28
                  | arrows, a +0 scale mail; and the following spell memorised:
                  | Shock; and the following spells available to memorise:
                  | Swiftness
     0 | D:1      | Reached XP level 1. HP: 13/13 MP: 2/2
    30 | D:1      | Found Guopet's General Store.
    76 | D:1      | Reached skill level 1 in Fighting
   137 | D:1      | Gained mutation: Spells you cast may paralyse adjacent
                  | enemies. [demonic ancestry]
   137 | D:1      | Reached XP level 2. HP: 21/21 MP: 3/3
   180 | D:1      | Noticed a great orb of eyes
   184 | D:1      | Found a faded altar of an unknown god.
   192 | D:1      | Reached skill level 2 in Fighting
   192 | D:1      | Noticed an eye of devastation
   192 | D:1      | Noticed a golden eye
   192 | D:1      | Noticed a floating eye
   197 | D:1      | Prayed at the altar of an unknown god.
   197 | D:1      | Became a worshipper of Jiyva Jobit the Shapeless
   197 | D:1      | Reached * piety under Jiyva
   603 | D:2      | Noticed Sigmund
   642 | D:3      | Gained mutation: You are partially covered in rugged brown
                  | scales. (AC +1, +3% HP) [demonic ancestry]
   642 | D:3      | Reached XP level 3. HP: 22/27 MP: 4/6
   718 | D:3      | Reached XP level 4. HP: 33/33 MP: 7/7
   769 | D:3      | Identified the +6 dagger of the Sneaky Bounties {flame,
                  | rCorr Int+5 Stlth-}
   791 | D:3      | Reached ** piety under Jiyva
  1030 | D:3      | Reached skill level 3 in Fighting
  1211 | D:2      | Killed Sigmund
  1212 | D:2      | Reached skill level 4 in Fighting
  1212 | D:2      | Reached XP level 5. HP: 18/43 MP: 6/8
  1212 | D:2      | Gained mutation: You have large cloven feet. [demonic
                  | ancestry]
  1212 | D:2      | Reached XP level 6. HP: 20/49 MP: 6/9
  1317 | D:2      | Found a shimmering altar of Xom.
  1425 | D:2      | Reached *** piety under Jiyva
  1461 | D:2      | Gained mutation: Armour fits poorly on your pseudopods.
                  | [Jiyva's grace]
  1461 | D:2      | Gained mutation: Armour fits poorly on your large
                  | pseudopods. [Jiyva's grace]
  1461 | D:2      | Gained mutation: Armour fits poorly on your massive
                  | pseudopods. [Jiyva's grace]
  1461 | D:2      | Gained mutation: Your muscles are strong. (Str +2) [Jiyva's
                  | grace]
  1674 | D:3      | Reached skill level 1 in Short Blades
  1805 | D:4      | Noticed Menkaure
  1832 | D:4      | Killed Menkaure
  1921 | D:4      | Reached **** piety under Jiyva
  1924 | D:4      | Reached XP level 7. HP: 54/55 MP: 10/10
  1961 | D:4      | Learned a level 3 spell: Swiftness
  2132 | D:5      | Entered Level 5 of the Dungeon
  2213 | D:5      | Found a staircase to the Ecumenical Temple.
  2318 | D:5      | Reached skill level 5 in Fighting
  2436 | D:5      | Found the +2 ratskin cloak {*Rats rPois rN+ Str-1 Int-1
                  | Dex+1}
  3112 | D:6      | Gained mutation: You have hoof-like feet. [demonic
                  | ancestry]
  3112 | D:6      | Reached XP level 8. HP: 61/63 MP: 9/11
  3125 | D:6      | Noticed Edmund
  3134 | D:6      | Killed Edmund
  3189 | D:6      | Reached skill level 1 in Evocations
  3251 | D:6      | Noticed Prince Ribbit
  3264 | D:6      | Killed Prince Ribbit
  3294 | D:6      | Reached skill level 6 in Fighting
  3331 | D:6      | Reached ***** piety under Jiyva
  3457 | D:6      | Gained mutation: You have a pair of small horns on your
                  | head. [Jiyva's grace]
  3457 | D:6      | Gained mutation: You have a pair of horns on your head.
                  | [Jiyva's grace]
  3457 | D:6      | Gained mutation: You have a pair of large horns on your
                  | head. [Jiyva's grace]
  3457 | D:6      | Gained mutation: You have hooves in place of feet. [Jiyva's
                  | grace]
  3821 | D:7      | Noticed a deep elf pyromancer
  3827 | D:7      | Killed a deep elf pyromancer
  3828 | D:7      | Reached skill level 7 in Fighting
  3828 | D:7      | Reached XP level 9. HP: 72/74 MP: 9/12
  3831 | D:7      | Learned a level 2 spell: Poisonous Vapours
  4093 | D:7      | Reached skill level 5 in Air Magic
  4093 | D:7      | Reached skill level 1 in Poison Magic
  4421 | D:7      | Found a shadowy altar of Dithmenos.
  4607 | D:8      | Noticed a troll
  4614 | D:8      | Reached skill level 8 in Fighting
  4634 | D:8      | Killed a troll
  4675 | D:8      | Reached ****** piety under Jiyva
  4767 | D:8      | Reached skill level 5 in Armour
  5000 | D:8      | Noticed a brown ugly thing
  5001 | D:8      | Lost mutation: Your muscles are strong. (Str +2) [Jiyva's
                  | grace]
  5001 | D:8      | Gained mutation: Your rubbery body absorbs attacks. (AC +1,
                  | EV +1) [Jiyva's grace]
  5001 | D:8      | Gained mutation: Your pliable body absorbs attacks. (AC +2,
                  | EV +2) [Jiyva's grace]
  5001 | D:8      | Gained mutation: Your gelatinous body deflects attacks. (AC
                  | +3, EV +3) [Jiyva's grace]
  5001 | D:8      | Gained mutation: Your flesh is heat resistant. (rF+)
                  | [Jiyva's grace]
  5024 | D:8      | Reached skill level 5 in Short Blades
  5033 | D:8      | Killed a brown ugly thing
  5114 | D:8      | Gained mutation: A meltable shield of frost defends you.
                  | (SH +0) [demonic ancestry]
  5114 | D:8      | Reached XP level 10. HP: 82/82 MP: 14/14
  5354 | D:9      | Noticed a two-headed ogre
  5368 | D:9      | Killed a two-headed ogre
  5371 | D:9      | Reached skill level 9 in Fighting
  5437 | D:9      | Found Liramuck's General Store.
  5445 | D:9      | Bought a +0 buckler of protection for 161 gold pieces
  5537 | D:9      | Reached skill level 1 in Shields
  5567 | D:9      | Noticed a cyclops
  5573 | D:9      | Killed a cyclops
  5590 | D:9      | Noticed Pikel
  5593 | D:9      | Killed Pikel
  5602 | D:9      | Noticed a two-headed ogre
  5610 | D:9      | Killed a two-headed ogre
  5611 | D:9      | Reached XP level 11. HP: 76/91 MP: 15/15
  5661 | D:9      | Noticed a centaur warrior
  5665 | D:9      | Killed a centaur warrior
  5666 | D:9      | Reached skill level 5 in Dodging
  5669 | D:9      | Identified the +7 swamp dragon scales of Daykkyoh {rPois
                  | rC+ Int+2 SInv}
  5669 | D:9      | Identified the +5 short sword of Foul Odours {drain, Contam
                  | rPois Str+3}
  5713 | D:9      | Reached skill level 5 in Evocations
  5744 | D:9      | Noticed a two-headed ogre
  5747 | D:9      | Killed a two-headed ogre
  5827 | D:9      | Found the amulet of the Four Winds {rN+ Will+++ Clar}
  5912 | D:9      | Noticed an obsidian statue
  6004 | D:9      | Found Pepa's Antique Weapon Shop.
  6012 | D:9      | Found Felainut's Armour Boutique.
  6042 | D:9      | Noticed a two-headed ogre
  6047 | D:9      | Killed a two-headed ogre
  6092 | D:9      | Noticed Erolcha
  6099 | D:9      | Cast into level 1 of the Abyss (Erolcha)
  6164 | Abyss:1  | Noticed a sixfirhy
  6173 | Abyss:1  | Killed a sixfirhy
  6179 | Abyss:1  | Noticed a wretched star
  6205 | Abyss:1  | Noticed a lorocyproca
  6237 | Abyss:1  | Noticed a starcursed mass
  6291 | Abyss:1  | Noticed a lich
  6308 | Abyss:1  | Noticed a thrashing horror
  6319 | Abyss:1  | Noticed a blizzard demon
  6336 | Abyss:1  | Killed a thrashing horror
  6344 | Abyss:1  | Noticed a wretched star
  6361 | Abyss:1  | Noticed a thrashing horror
  6438 | Abyss:1  | Noticed a large abomination
  6446 | Abyss:1  | Noticed a large abomination
  6457 | Abyss:1  | Noticed a thrashing horror
  6465 | Abyss:1  | Noticed an orb spider
  6465 | Abyss:1  | Noticed an orb spider
  6465 | Abyss:1  | Noticed a wolf spider
  6473 | Abyss:1  | Noticed a wolf spider
  6474 | Abyss:1  | Noticed a wolf spider
  6474 | Abyss:1  | Noticed a wolf spider
  6481 | Abyss:1  | Noticed a wolf spider
  6494 | Abyss:1  | Noticed a wolf spider
  6502 | Abyss:1  | Noticed a wolf spider
  6502 | Abyss:1  | Noticed a wolf spider
  6506 | Abyss:1  | Noticed a thrashing horror
  6535 | Abyss:1  | Noticed a tentacled starspawn
  6549 | Abyss:1  | Killed a thrashing horror
  6549 | Abyss:1  | Killed a thrashing horror
  6550 | Abyss:1  | Killed a tentacled starspawn
  6557 | D:9      | Escaped the Abyss
  6575 | D:9      | Killed Erolcha
  6611 | D:9      | Found Fohethomn's Distillery.
  6619 | D:9      | Bought a potion of curing for 51 gold pieces
  6619 | D:9      | Bought a potion of might for 68 gold pieces
  6653 | D:9      | Reached skill level 10 in Fighting
  6749 | D:9      | Noticed a centaur warrior
  6756 | D:9      | Killed a centaur warrior
  6867 | D:9      | Found Loutz's Assorted Antiques.
  6874 | D:9      | Bought a scroll labelled MOWOTHR NURAJO for 24 gold pieces
  6928 | D:10     | Entered Level 10 of the Dungeon
  6931 | D:10     | Found a runed translucent gate.
  6931 | D:10     | Found a runed translucent gate.
  6931 | D:10     | Found a runed translucent gate.
  6931 | D:10     | Noticed a cyan ugly thing
  6933 | D:10     | Noticed a red ugly thing
  6933 | D:10     | Noticed a white ugly thing
  6933 | D:10     | Noticed a green ugly thing
  7011 | D:10     | Noticed a two-headed ogre
  7024 | D:10     | Killed a two-headed ogre
  7204 | D:10     | Noticed Maurice
  7214 | D:10     | Killed Maurice
  7216 | D:10     | Reached skill level 11 in Fighting
  7220 | D:10     | Lost mutation: You have a pair of large horns on your head.
                  | [Jiyva's grace]
  7220 | D:10     | Lost mutation: Your flesh is heat resistant. (rF+) [Jiyva's
                  | grace]
  7220 | D:10     | Lost mutation: Your gelatinous body deflects attacks. (AC
                  | +3, EV +3) [Jiyva's grace]
  7220 | D:10     | Lost mutation: Your pliable body absorbs attacks. (AC +2,
                  | EV +2) [Jiyva's grace]
  7220 | D:10     | Lost mutation: Your rubbery body absorbs attacks. (AC +1,
                  | EV +1) [Jiyva's grace]
  7220 | D:10     | Lost mutation: Armour fits poorly on your massive
                  | pseudopods. [Jiyva's grace]
  7220 | D:10     | Gained mutation: Your body has grown eyes which may confuse
                  | attackers. (Acc +3) [Jiyva's grace]
  7220 | D:10     | Gained mutation: Your body has grown many eyes which may
                  | confuse attackers. (Acc +5) [Jiyva's grace]
  7220 | D:10     | Gained mutation: Your body is covered in eyes which may
                  | confuse attackers. (Acc +7, SInv) [Jiyva's grace]
  7220 | D:10     | Gained mutation: You possess an exceptional clarity of
                  | mind. [Jiyva's grace]
  7385 | D:10     | Gained mutation: Spells you cast may paralyse nearby
                  | enemies. [demonic ancestry]
  7385 | D:10     | Reached XP level 12. HP: 85/103 MP: 13/16
  7398 | D:10     | Found a staircase to the Lair.
  7422 | D:10     | Noticed a two-headed ogre
  7433 | D:10     | Killed a two-headed ogre
  7665 | D:10     | Found a staircase to the Orcish Mines.
  7923 | D:11     | Noticed Josephine
  7951 | D:11     | Killed Josephine
  7996 | D:11     | You fall into a shaft and drop 3 floors!
  8023 | D:14     | Reached skill level 5 in Shields
  8226 | D:14     | Noticed a boulder beetle
  8260 | D:14     | Killed a boulder beetle
  8261 | D:14     | Reached skill level 12 in Fighting
  8548 | D:13     | Noticed Urug
  8640 | D:12     | Noticed a boulder beetle
  8647 | D:12     | Killed a boulder beetle
  8824 | D:12     | Noticed Nessos
  8839 | D:12     | Shot with an arrow by Nessos

Illustrated notes

Levels and vault maps discovered:
D:1:      roderic_dead_forest, layout_rooms, serial_shops, shop,
          hellmonk_ecumenical_altar_watching_god, roderic_roman_lattice
D:2:      layout_rooms, basic_altar, uniq_sigmund
D:3:      layout_rooms, serial_aquarium, aquarium_bridge_square
          [aquarium_subvault_wall, aquarium_subvault_window,
          aquarium_subvault_window, aquarium_subvault_bridge],
          aquarium_bridge_square [aquarium_subvault_bridge,
          aquarium_subvault_bridge, aquarium_subvault_window,
          aquarium_subvault_window], aquarium_window_3, aquarium_window_1,
          aquarium_window_double, aquarium_window_1, aquarium_view_2f,
          kennysheep_generic_room_10
D:4:      layout_cave_pools, hangedman_abyss_or_decor_lesser_grid, uniq_menkaure
D:5:      wander_guarded_unrand_ratskin, layout_basic,
          minmay_temple_entry_drinking_statues, grunt_decor_junction
D:6:      layout_basic, serial_rivers, chequers_serial_rivers_micro_b,
          chequers_serial_rivers_room_a, chequers_serial_rivers_micro_d,
          chequers_serial_rivers_room_b, chequers_serial_rivers_room_a,
          uniq_edmund, uniq_prince_ribbit1
D:7:      layout_loops_ring, general_overflow_altar, kennysheep_boxes
D:8:      layout_basic, st_stairs_3
D:9:      minmay_the_grid_3x3 [minmay_the_grid_minigrid_large,
          minmay_the_grid_outer_circle, minmay_the_grid_spikes,
          minmay_the_grid_spin_star, minmay_the_grid_zigzag_pyramid,
          minmay_the_grid_expand, minmay_the_grid_tree,
          minmay_the_grid_minigrid_small_alt,
          minmay_the_grid_prize_shrinking_boxes], layout_loops_cross,
          serial_shops, nicolae_diamond_shop, shop, nicolae_diamond_shop, shop,
          nicolae_shop_temple_entry_statues_fountains, serial_bayou_pond_b,
          minivault_15, amcnicky_mini_rare_corridor_liquid, minivault_22,
          uniq_pikel, uniq_erolcha
D:10:     layout_roguey, erik_lair_orcish_takeover, erik_orc_2,
          ploomutoo_gammafunk_ghost_potion_laboratory, uniq_maurice
D:11:     layout_basic, enter_trove_3, uniq_josephine, uniq_nergalle
D:12:     layout_gridville, uniq_nessos
D:13:     layout_rooms, uniq_azrael, uniq_jorgrun, uniq_sonja, uniq_urug
D:14:     layout_grid_maze, grunt_vaults_entry_fortified,
          hangedman_decor_growths, the_hattery

Skill      XL: |  1  2  3  4  5  6  7  8  9 10 11 12 |
---------------+-------------------------------------+-----
Fighting       | 1 2 4 5 7 8 9 11 12 | 12.0
Spellcasting   | 2 3 4 |  4.0
Dodging        | 2 3 4 5 6 |  6.0
Air Magic      | 3 4 5 6 7 |  7.0
Short Blades   | 1 2 4 5 6 7 |  7.0
Stealth        | 3 |  3.0
Armour         | 2 4 5 6 |  6.2
Evocations     | 2 3 4 5 |  5.0
Poison Magic   | 2 3 |  3.0
Shields        | 3 4 5 |  5.0
Conjurations   | 3 4 |  4.0
Bows           | |  4.5
Unarmed Combat | |  0.9

Action                   |  1- 3 |  4- 6 |  7- 9 | 10-12 || total
-------------------------+-------+-------+-------+-------++-------
Melee: Dagger            |       |    52 |    96 |   219 ||   367
       Kick              |       |     7 |    14 |    70 ||    91
       Pseudopods        |       |     3 |    13 |    33 ||    49
       Headbutt          |       |       |     6 |    38 ||    44
       Punch             |       |       |     1 |       ||     1
 Fire: Shortbow          |    78 |     8 |       |       ||    86
Throw: Javelin           |       |     3 |     3 |       ||     6
       Dart              |       |       |     1 |       ||     1
       Throwing net      |       |       |       |     2 ||     2
 Cast: Shock             |     1 |    39 |   114 |   207 ||   361
       Poisonous Vapours |       |       |     7 |    11 ||    18
       Swiftness         |       |       |     1 |    11 ||    12
Invok: Oozemancy         |       |       |       |     2 ||     2
       Slimify           |       |       |       |     1 ||     1
Evoke: Wand              |       |       |     4 |       ||     4
  Use: Scroll            |     1 |     1 |       |     7 ||     9
       Potion            |       |       |       |     1 ||     1
 Stab: Paralysed         |       |    19 |    40 |    74 ||   133
       Confused          |       |       |       |     1 ||     1
Armor: Scale mail        |     8 |    17 |    16 |       ||    41
       Troll leather arm |       |       |     1 |    14 ||    15
       Swamp dragon scal |       |       |       |   168 ||   168
Dodge: Dodged            |    19 |    53 |    85 |   379 ||   536
Block: Buckler           |       |       |       |   189 ||   189
       Other             |       |       |       |     4 ||     4

Table legend: (Time is in decaauts)
 A = Elapsed time spent in this place.
 B = Non-inter-level travel time spent in this place.
 C = Inter-level travel time spent in this place.
 D = Time resting spent in this place.
 E = Time spent auto-exploring this place.
 F = Levels seen in this place.
 G = Mean time per level.
                   A        B        C        D        E       F      G
               +--------+--------+--------+--------+--------+-----+--------+
         Total |   8816 |   8323 |    493 |      0 |   5906 |  15 |  587.7 |
       Dungeon |   8354 |   7861 |    493 |      0 |   5906 |  14 |  596.7 |
         Abyss |    461 |    461 |      0 |      0 |      0 |   1 |  461.0 |
               +--------+--------+--------+--------+--------+-----+--------+

Top non-repeatable levels by time:
     D:9: 1161 daAuts
     D:5: 917 daAuts
    D:10: 871 daAuts
     D:8: 860 daAuts
     D:6: 740 daAuts
     D:7: 672 daAuts
     D:3: 657 daAuts
     D:1: 569 daAuts
    D:14: 542 daAuts
     D:2: 477 daAuts
 Abyss:1: 461 daAuts
     D:4: 435 daAuts
    D:12: 280 daAuts
    D:11: 162 daAuts
    D:13: 5 daAuts
